 Dungeon Crawl Stone Soup version 0.28-a0-1412-gf95308ed99 (webtiles) character file.

Game seed: 8186187436324969341

9513 Deminshera the Destroyer (level 11, -6/86 HPs)
             Began as a Human Conjurer on Jan 7, 2022.
             Was a Follower of Vehumet.
             Mangled by a wraith (13 damage)
             ... on level 10 of the Dungeon.
             The game lasted 00:29:15 (22414 turns).

Deminshera the Destroyer (Human Conjurer)          Turns: 22414, Time: 00:29:16

Health: -6/86      AC:  6    Str: 10    XL:     11   Next: 75%
Magic:  15/23      EV: 12    Int: 32    God:    Vehumet [*.....]
Gold:   754        SH:  5    Dex: 15    Spells: 10/26 levels left

rFire   + + +      SeeInvis .   G - +3 spear (drain)
rCold   + . .      Faith    +   y - +0 buckler {reflect}
rNeg    . . .      Spirit   .   g - +2 robe {Will+}
rPois   .          Reflect  +   (no helmet)
rElec   .          Harm     +   b - scarf {rC+ rF+}
rCorr   .          Rampage  .   p - +1 pair of gloves "Xosi" {+Blink Dex+3}
Will    +....                   (no boots)
Stlth   +++.......              i - amulet "Vureal" {Faith Harm rF++}
HPRegen 0.24/turn               d - +6 ring of intelligence
MPRegen 0.18/turn               k - +6 ring of intelligence

@: slowed, very slow
A: no striking features
a: Renounce Religion, Evoke Blink


You were on level 10 of the Dungeon.
You worshipped Vehumet.
Vehumet was aware of your devotion.
You visited 2 branches of the dungeon, and saw 11 of its levels.
You also visited: Bailey.

You collected 986 gold pieces.
You spent 232 gold pieces at shops.

Inventory:

Hand Weapons
 G - a +3 spear of draining (weapon)
Missiles
 w - a throwing net
Armour
 b - a scarf of resistance (worn)
 f - a +0 troll leather armour
 g - a +2 robe of willpower (worn)
 p - the +1 pair of gloves "Xosi" (worn) {+Blink Dex+3}
   (You found it on level 3 of the Dungeon)

   Dex:       It affects your dexterity (+3).
   +Blink:    It lets you blink.
 y - a +0 buckler of reflection (worn)
Jewellery
 d - a +6 ring of intelligence (left hand)
 i - the amulet "Vureal" (around neck) {Faith Harm rF++}
   (You found it on level 9 of the Dungeon)

   [amulet of faith]

   It allows you to gain divine favour quickly.
   rF:        It greatly protects you from fire.
   Harm:      It increases damage dealt and taken.
 k - a +6 ring of intelligence (right hand)
 v - a ring of protection from cold
 z - a ring of protection from cold
Wands
 u - a wand of flame (8)
 x - a wand of acid (4)
 D - a wand of mindburst (30)
Scrolls
 h - 2 scrolls of immolation
 m - 4 scrolls of fear
 n - 7 scrolls of teleportation
 o - a scroll of fog {unknown}
 q - 2 scrolls of vulnerability
 r - a scroll of enchant armour {unknown}
 A - a scroll of torment
 F - 2 scrolls of summoning
 H - a scroll of identify
 I - a scroll of blinking
Potions
 a - 2 potions of heal wounds {unknown}
 c - a potion of flight
 e - 3 potions of curing
 j - 2 potions of lignification
 l - 3 potions of magic
 t - a potion of ambrosia {unknown}
 C - 2 potions of haste {unknown}
 E - 2 potions of mutation


   Skills:
 - Level 8.0 Fighting
 + Level 1.8 Armour
 + Level 2.8 Dodging
 - Level 5.0 Stealth
 - Level 4.0 Shields
 - Level 8.0 Spellcasting
 - Level 10.0 Conjurations
 - Level 3.0 Hexes
 - Level 3.0 Transmutations
 - Level 3.0 Fire Magic
 - Level 3.0 Air Magic
 - Level 3.0 Poison Magic


You had 10 spell levels left.
You knew the following spells:

 Your Spells              Type           Power      Damage    Failure   Level
a - Magic Dart            Conj           100%       1d8       1%          1
b - Searing Ray           Conj           100%       2d8       1%          2
c - Fulminant Prism       Conj/Hex       26%        3d14      3%          4
d - Ignite Poison         Fire/Tmut/Pois 32%        N/A       4%          3
e - Mephitic Cloud        Conj/Pois/Air  46%        N/A       1%          3
f - Conjure Flame         Conj/Fire      53%        6-21      1%          3

Your spell library contained the following spells:

 Spells                   Type           Power      Damage    Failure   Level
 Freeze                   Ice            48%        1d7       4%          1
 Dazzling Flash           Conj/Hex       100%       N/A       1%          3
 Sticky Flame             Conj/Fire      53%        2d7       3%          4
 Animate Skeleton         Necr           24%        N/A       4%          1
 Apportation              Tloc           24%        N/A       4%          1
 Summon Small Mammal      Summ           48%        N/A       4%          1
 Iskenderun's Mystic Bla  Conj/Tloc      44%        2d10      6%          4
 Call Imp                 Summ           12%        N/A       7%          2
 Portal Projectile        Hex/Tloc       44%        N/A       8%          3
 Blade Hands              Tmut           16%        N/A       36%         5
 Excruciating Wounds      Necr           6%         N/A       78%         5


Dungeon Overview and Level Annotations

Branches:
Dungeon (10/15)            Temple (1/1) D:4            Lair (0/6) D:9
 Bailey (visited)
    Orc: D:9-12

Altars:
Ashenzari
Cheibriados
Dithmenos
Elyvilon
Fedhas
Gozag
Hepliaklqana
Kikubaaqudgha
Makhleb
Nemelex Xobeh
Okawaru
Qazlal
Ru
Sif Muna
Trog
Uskayaw
Vehumet
Wu Jian
Xom
Yredelemnul
Zin
The Shining One

Shops:
D:1 ([[?   D:2 [   D:5 !*=(*[   D:8 **


Message History

The wraith is lightly damaged.
The wraith hits you but does no damage.
The searing ray misses the wraith.
The wraith hits you. The wraith drains your vigour!
You feel as though you will be slow longer.
The wraith barely misses you.
The searing ray hits the wraith.
The wraith is moderately damaged.
You finish channelling your searing ray.
The wraith hits you! The wraith barely misses you. The wraith hits you.
Casting: Searing Ray (safe; 1% risk of failure)
Confirm with . or Enter, or press ? or * to list all spells.
Aiming: Searing Ray (safe; 1% risk of failure)
Press: ? - help, Shift-Dir - straight line, f/p - wraith
Aim: a wraith (moderately damaged, 83% to hit)
The searing ray misses the wraith. (Press . to maintain the ray.)
The wraith closely misses you.
Unknown command.
The searing ray misses the wraith.
The wraith hits you!
* * * LOW HITPOINT WARNING * * *
The wraith drains your vigour!
You feel as though you will be slow longer.
The wraith closely misses you.
Unknown command.
The searing ray hits the wraith.
The wraith is moderately damaged.
The wraith hits you!
* * * LOW HITPOINT WARNING * * *
Unknown command.
The searing ray hits the wraith.
The wraith is heavily damaged.
You finish channelling your searing ray.
The wraith hits you.
* * * LOW HITPOINT WARNING * * *
The wraith drains your vigour!
You feel as though you will be slow longer.
The wraith hits you!
You die...

#....................#
#.......#####........#
#######.#...##'##....#
#.#.......+....#
#.#.......#♣≈P.#
#.#.......♣♣♣♣♣♣
#.#......♣♣≈P≈≈♣
#.#.♣♣..≈≈≈P≈≈≈≈
#.#P≈≈.@........
#.P≈≈≈≈W≈≈≈P≈≈≈≈
##♣≈≈≈≈≈.≈≈≈≈≈≈≈≈
#≈≈≈≈≈≈≈.≈≈≈P≈≈≈≈
♣P≈≈≈≈≈≈.≈≈P♣♣♣♣.
≈≈≈≈≈≈≈≈.≈≈♣♣
♣≈≈≈≈≈≈≈/≈≈♣
♣≈≈≈≈≈≈≈.≈≈♣
♣♣♣≈≈≈≈≈.≈≈P


You could see a wraith.

Vanquished Creatures
  2 vault guards (Bailey)
  A two-headed ogre (D:10)
  A sixfirhy (D:8)
  The ghost of murderhobo the Cudgeller, a novice FoFi (D:6)
  A deep elf pyromancer (D:6)
  A komodo dragon (D:10)
  A troll (D:9)
  Prince Ribbit (Bailey)
  Sigmund (D:3)
  A shadow (D:9)
  3 wyverns
  A steam dragon (D:10)
  4 humans (Bailey)
  3 water moccasins
  3 ice beasts
  2 orc warriors
  An ogre (D:4)
  5 sky beasts
  2 black bears
  5 centaurs
  A kobold brigand (D:7)
  10 bullfrogs
  A gnoll sergeant (D:8)
  A scorpion (D:4)
  3 jellies (D:4)
  A water moccasin zombie (D:5)
  9 wights
  3 electric eels (D:10)
  2 howler monkeys (D:8)
  3 centaur zombies
  4 hounds
  A gnoll shaman (D:5)
  5 orc priests
  A bullfrog skeleton (D:6)
  A centaur skeleton (D:4)
  An iguana (D:4)
  9 orc wizards
  A hound skeleton (D:4)
  A howler monkey zombie (D:10)
  15 gnolls
  5 adders
  A howler monkey skeleton (D:5)
  2 worms
  2 dart slugs
  25 orcs
  4 ball pythons
  6 bats
  2 endoplasms
  4 giant cockroaches
  8 goblins
  8 hobgoblins
  14 jackals
  8 kobolds
  3 quokkas
  10 frilled lizards
  4 rats
  2 fulminant prisms
221 creatures vanquished.

Vanquished Creatures (others)
  A quokka (D:3)
  23 fulminant prisms
  17 plants
41 creatures vanquished.

Grand Total: 262 creatures vanquished

Notes
Turn   | Place    | Note
-------+----------+-------------------------------------------
     0 | D:1      | Deminshera the Human Conjurer began the quest for the Orb.
     0 | D:1      | Reached XP level 1. HP: 13/13 MP: 3/3
   237 | D:1      | Found Eroitu's Magic Scroll Emporium.
   242 | D:1      | Bought a scroll of identify for 22 gold pieces
   285 | D:1      | Reached XP level 2. HP: 13/19 MP: 0/5
   476 | D:1      | Learned a level 2 spell: Searing Ray
  1501 | D:1      | Found Asit's Weapon Shoppe.
  1547 | D:1      | Found Cauny's Antique Armour Shop.
  1571 | D:1      | Reached XP level 3. HP: 24/24 MP: 3/6
  1892 | D:1      | Found Sugilyuf's Antique Armour Shop.
  2294 | D:2      | Found Iqis's Antique Armour Shoppe.
  2449 | D:2      | Reached XP level 4. HP: 30/30 MP: 3/8
  3010 | D:2      | Learned a level 4 spell: Fulminant Prism
  3036 | D:2      | Reached skill level 5 in Conjurations
  3395 | D:3      | Noticed Sigmund
  3771 | D:3      | Killed Sigmund
  3772 | D:3      | Reached XP level 5. HP: 23/35 MP: 0/11
  3772 | D:3      | Reached XP level 6. HP: 27/41 MP: 0/12
  3988 | D:3      | Found an iron altar of Okawaru.
  4781 | D:3      | Found a white marble altar of Elyvilon.
  5095 | D:3      | Identified the +1 pair of gloves "Xosi" {+Blink Dex+3}
  5956 | D:4      | Reached XP level 7. HP: 46/46 MP: 10/13
  6667 | D:4      | Reached skill level 6 in Conjurations
  7401 | D:4      | Found a staircase to the Ecumenical Temple.
  7409 | D:4      | Reached skill level 5 in Spellcasting
  7451 | Temple   | Entered the Ecumenical Temple
  7629 | D:4      | Reached XP level 8. HP: 38/52 MP: 7/15
  8531 | D:4      | Reached skill level 7 in Conjurations
  8890 | D:5      | Entered Level 5 of the Dungeon
  8919 | D:5      | Reached skill level 1 in Shields
  9411 | D:5      | Found Risiucol's Antique Armour Shoppe.
  9760 | D:5      | Found Betous's Distillery.
 10449 | D:5      | Found Urimoss's General Store.
 10450 | D:5      | Found Coecyus's Jewellery Shop.
 10474 | D:5      | Reached XP level 9. HP: 57/57 MP: 14/18
 10503 | D:5      | Reached skill level 8 in Conjurations
 10618 | D:5      | Found Jistre's Antique Weapon Boutique.
 10672 | D:5      | Found Xodyavurits's Fire Supplies.
 12031 | D:1      | Bought a runed buckler for 210 gold pieces
 12285 | D:6      | Reached skill level 5 in Fighting
 12524 | D:6      | Found a runed translucent door.
 12525 | D:6      | Noticed a deep elf pyromancer
 12527 | D:6      | Noticed murderhobo's ghost (novice FoFi)
 12543 | D:6      | Killed murderhobo's ghost
 12547 | D:6      | Killed a deep elf pyromancer
 12707 | D:6      | Reached XP level 10. HP: 56/79 MP: 8/19
 13098 | D:6      | Learned a level 3 spell: Ignite Poison
 13102 | D:6      | Learned a level 3 spell: Mephitic Cloud
 13709 | D:7      | Found a radiant altar of Vehumet.
 13711 | D:7      | Found a stormy altar of Qazlal.
 13711 | D:7      | Found a hide-covered altar of Uskayaw.
 13714 | D:7      | Became a worshipper of Vehumet
 13763 | D:7      | Noticed a torpor snail
 13765 | D:7      | Found a snail-covered altar of Cheibriados.
 13765 | D:7      | Noticed a torpor snail
 13765 | D:7      | Noticed a torpor snail
 13811 | D:7      | Reached skill level 1 in Transmutations
 13811 | D:7      | Reached skill level 1 in Fire Magic
 13811 | D:7      | Reached skill level 1 in Air Magic
 14030 | D:7      | Reached skill level 1 in Poison Magic
 15127 | D:8      | Found an ornate altar of the Wu Jian Council.
 15127 | D:8      | Found a broken altar of Ashenzari.
 15502 | D:8      | Learned a level 3 spell: Conjure Flame
 15521 | D:8      | Found a runed translucent door.
 15523 | D:8      | Found a burning altar of Makhleb.
 15523 | D:8      | Noticed a sixfirhy
 15539 | D:8      | Killed a sixfirhy
 16191 | D:8      | Found a glowing golden altar of the Shining One.
 17972 | D:8      | Found Tyiloen's Specific Store.
 17974 | D:8      | Found Cevuocw's General Store.
 18333 | D:9      | Reached XP level 11. HP: 39/86 MP: 13/21
 18492 | D:9      | Identified the amulet "Vureal" {Faith Harm rF++}
 18535 | D:9      | Found a flagged portal.
 18563 | Bailey   | Entered a bailey
 19143 | Bailey   | Reached skill level 9 in Conjurations
 19255 | Bailey   | Reached * piety under Vehumet
 19255 | Bailey   | Offered knowledge of Freeze by Vehumet.
 19256 | Bailey   | Noticed Prince Ribbit
 19256 | Bailey   | Noticed a vault guard
 19267 | Bailey   | Killed Prince Ribbit
 19270 | Bailey   | Killed a vault guard
 19380 | Bailey   | Noticed a vault guard
 19393 | Bailey   | Killed a vault guard
 19394 | Bailey   | Reached skill level 10 in Conjurations
 19918 | D:9      | Found an opulent altar of Gozag.
 20695 | D:9      | Found a staircase to the Lair.
 20996 | D:10     | Entered Level 10 of the Dungeon
 21045 | D:10     | Identified a scroll of acquirement
 21046 | D:10     | Acquired 414 gold pieces
 21079 | D:10     | Found a basalt altar of Yredelemnul.
 21854 | D:10     | Noticed a two-headed ogre
 21872 | D:10     | Killed a two-headed ogre
 21873 | D:10     | Reached skill level 5 in Stealth
 21873 | D:10     | Reached skill level 1 in Armour
 22414 | D:10     | Mangled by a wraith

Illustrated notes

Levels and vault maps discovered:
D:1:      lightli_arrival_isolated_outpost, layout_loops_ring, serial_shops,
          nicolae_shop_bloodbath_and_beyond,
          nicolae_shop_competitors_out_of_business, shop_statue,
          nicolae_shop_temple_entry_statues_fountains, kennysheep_crisscross,
          palyth_stone_intersect, minmay_lizard_king
D:2:      layout_loops_ring, serial_shops, nicolae_shop_waterfront,
          kennysheep_generic_room_8
D:3:      layout_loops_cross, okawaru_gym_becter, elyvilon_altar_4, uniq_sigmund
D:4:      layout_gridville, minmay_temple_entry_mist
D:5:      layout_loops_corners, serial_shops, shop, shop, shop, kennysheep_mini,
          shop, nicolae_shop_fire_sale [nicolae_sub_dead_trees]
D:6:      layout_cave_pods, ebering_ghost_inner_flame,
          nicolae_concentric_dashed_squares_wild
D:7:      layout_basic, grunt_temple_overflow_open, cheibriados_altar_2
D:8:      layout_loops_corners, nicolae_tso_carved_into_rock,
          nzn_makhleb_speed_demon, gammafunk_temple_overflow_elements,
          nicolae_specific_store, minmay_bent
D:9:      layout_loops_corners, grunt_gozag_breadcrumbs, lair_entry_dummy,
          enter_bailey_3
D:10:     layout_irregular_city, general_overflow_altar, serial_bayou,
          serial_bayou_lagoon_b, serial_bayou_pond_d, serial_bayou_pond_e,
          serial_bayou_pond_e, serial_bayou_pond_c, serial_bayou_ford_a,
          nicolae_take_the_stairs, uniq_snorg, uniq_psyche, uniq_maggie
Temple:   compressed_dpeg_circular_temple

Skill      XL: |  1  2  3  4  5  6  7  8  9 10 11 |
---------------+----------------------------------+-----
Spellcasting   | 3 4 5 6 8 |  8.0
Conjurations   | 5 6 7 8 10 | 10.0
Hexes          | 2 3 |  3.0
Shields        | 3 4 |  4.0
Fighting       | 7 8 |  8.0
Transmutations | 3 |  3.0
Fire Magic     | 3 |  3.0
Air Magic      | 3 |  3.0
Poison Magic   | 3 |  3.0
Stealth        | 5 |  5.0
Armour         | 1 |  1.8
Dodging        | |  2.8

Action                   |  1- 3 |  4- 6 |  7- 9 | 10-12 || total
-------------------------+-------+-------+-------+-------++-------
Melee: Dagger            |    22 |       |       |       ||    22
       Spear             |       |    10 |    28 |     9 ||    47
 Cast: Magic Dart        |    60 |    47 |    97 |    21 ||   225
       Searing Ray       |     2 |     8 |    37 |    81 ||   128
       Fulminant Prism   |       |     2 |     9 |    14 ||    25
       Conjure Flame     |       |       |       |     8 ||     8
       Mephitic Cloud    |       |       |       |    13 ||    13
       Ignite Poison     |       |       |       |     9 ||     9
  Use: Scroll            |       |     4 |     2 |     9 ||    15
 Stab: Sleeping          |       |       |     1 |       ||     1
Armor: Robe              |     6 |     3 |    24 |    35 ||    68
Dodge: Dodged            |    14 |    14 |    59 |    70 ||   157
Block: Buckler           |       |       |     3 |    28 ||    31
       Other             |       |       |     3 |       ||     3
       Reflection        |       |       |     1 |     4 ||     5

Table legend: (Time is in decaauts)
 A = Elapsed time spent in this place.
 B = Non-inter-level travel time spent in this place.
 C = Inter-level travel time spent in this place.
 D = Time resting spent in this place.
 E = Time spent auto-exploring this place.
 F = Levels seen in this place.
 G = Mean time per level.
                   A        B        C        D        E       F      G
               +--------+--------+--------+--------+--------+-----+--------+
         Total |  22449 |  21861 |    588 |  13508 |   6220 |  12 | 1870.8 |
       Dungeon |  21323 |  20744 |    579 |  12759 |   6110 |  10 | 2132.3 |
        Temple |     87 |     78 |      9 |      0 |     68 |   1 |   87.0 |
        Bailey |   1038 |   1038 |      0 |    749 |     42 |   1 | 1038.0 |
               +--------+--------+--------+--------+--------+-----+--------+

Top non-repeatable levels by time:
     D:4: 3483 daAuts
     D:8: 3071 daAuts
     D:5: 2482 daAuts
     D:1: 1982 daAuts
     D:2: 1834 daAuts
     D:6: 1824 daAuts
     D:9: 1788 daAuts
     D:7: 1759 daAuts
     D:3: 1668 daAuts
    D:10: 1427 daAuts
  Bailey: 1038 daAuts
  Temple: 87 daAuts
